 Dungeon Crawl Stone Soup version 0.19-a0-157-gbc558dc (webtiles) character file.

406 Duffy the Insei (level 6, -1/51 HPs)
             Began as a Naga Transmuter on May 20, 2016.
             Was a Follower of Makhleb.
             Splashed by a jelly's acid (4 damage)
             ... on level 5 of the Dungeon.
             The game lasted 00:06:28 (4736 turns).

Duffy the Insei (Naga Transmuter)                   Turns: 4736, Time: 00:06:28

Health: -1/51      AC: -10   Str: 12    XL:     6   Next: 87%
Magic:  6/9        EV: 21    Int: 14    God:    Makhleb [*.....]
Gold:   100        SH:  0    Dex: 18    Spells: 3 memorised, 3 levels left

rFire  . . .     SeeInvis +       - Unarmed
rCold  + . .     Gourm    .     (armour currently unavailable)
rNeg   . . .     Faith    .     (shield currently unavailable)
rPois  x         Spirit   .     (helmet currently unavailable)
rElec  .         Dismiss  .     (cloak currently unavailable)
rCorr  .         Reflect  .     (gloves currently unavailable)
SustAt +         Harm     .     (no barding)
MR     .....                    (no amulet)
Stlth  ++........               A - ring of protection from cold
                                n - ring of sustain attributes

@: spider-form, corroded, not resistant to hostile enchantments, unstealthy
A: see invisible, (deformed body), (poison resistance), (slowness 0), slow
metabolism 1, spit poison 2, AC +2
a: Spit Poison, End Transformation, Renounce Religion


You were on level 5 of the Dungeon.
You worshipped Makhleb.
Makhleb was aware of your devotion.
You were not hungry.
You were a venomous arachnid creature.
You visited 1 branch of the dungeon, and saw 5 of its levels.

You collected 100 gold pieces.


Innate Abilities, Weirdness & Mutations

You cannot wear boots.
((Your serpentine skin is tough (AC +2).))
You have supernaturally acute eyesight.
((Armour fits poorly on your strangely shaped body.))
((Your system is resistant to poisons.))
((You cover ground very slowly.))
You have a slow metabolism.
You can spit poison.


   Skills:
 - Level 1.0 Fighting
 + Level 3.5 Dodging
 + Level 6.0 Unarmed Combat
 - Level 2.0 Spellcasting
 - Level 2.0 Transmutations
 - Level 2.0 Poison Magic


You had 3 spell levels left.
You knew the following spells:

 Your Spells              Type           Power        Failure   Level  Hunger
b - Sticks to Snakes      Trmt           #.......     36%         2    ###....
c - Beastly Appendage     Trmt           #.....       28%         1    ##.....
l - Spider Form           Trmt/Pois      #.........   52%         3    ####...

Inventory:

Missiles
 a - 99 arrows
 y - 2 tomahawks (quivered)
Armour
 b - a +0 robe (melded)
 x - a +0 cloak (melded)
Jewellery
 n - a ring of sustain attributes (left front leg)
 A - a ring of protection from cold (right front leg)
Scrolls
 e - 2 scrolls of blinking {unknown}
 i - 3 scrolls of amnesia {unknown}
 m - 2 scrolls of fog {unknown}
 p - 3 scrolls of magic mapping
 r - a scroll of noise {unknown}
 u - a scroll of remove curse {unknown}
Potions
 g - 2 potions of brilliance {unknown}
 j - 3 potions of curing
 l - a potion of mutation {unknown}
 o - a potion of degeneration {unknown}
 s - 3 potions of might
 t - a potion of agility {unknown}
 v - a potion of lignification {unknown}
 w - a potion of heal wounds {unknown}
 z - a potion of resistance {unknown}
Books
 c - a book of Changes
 f - a Grand Grimoire
Comestibles
 d - 5 bread rations
 h - 2 chunks of flesh
 k - a meat ration
 q - 3 fruits

Dungeon Overview and Level Annotations

Branches:
Dungeon (5/15)
 Temple: D:4-7

Altars:
Ashenzari
Gozag
Makhleb
Pakellas
Vehumet

Shops:
D:4 *


Message History

Eating one of 5 chunks of flesh.
This raw flesh tastes terrible.
You continue eating. x2
Some of the chunks of flesh in your inventory have rotted away.
Magic restored.
Your magical contamination has completely faded away.
HP restored.
Found an escape hatch in the floor.
You now have 89 gold pieces (gained 7).
You see here 25 stones.
Partly explored, can't reach some places.
Partly explored, can't reach some places.
Really slither into a travel-excluded area?
You now have 100 gold pieces (gained 11).
(D) Dungeon
Where to? (* - list waypoints, Enter - D:4, ? - help)
There is a stone staircase leading down here.
You climb downwards.
Found a pearl ring.
There is a stone staircase leading up here.
A - a pearl ring Put on which piece of jewellery? (? for menu, Esc to quit)
A - a ring of protection from cold (right hand)
Found an opulent altar of Gozag.
A jelly and a crimson imp come into view.
The jelly quivers.
Found 5 gold pieces.
Cast which spell? (? or * to list)
You turn into a venomous arachnid creature.
Your +0 cloak melds into your body.
Your +0 robe melds into your body.
The jelly hits you.
You are splashed with acid!
The acid burns!
You hit the jelly. The acid corrodes you!
Your front legs burn!
The jelly is moderately wounded.
The jelly hits you.
You are splashed with acid!
The acid burns!
The crimson imp blinks!
You hit the jelly but do no damage. The acid corrodes you!
Your front legs burn!
The jelly is moderately wounded.
The jelly hits you.
You are splashed with acid!
The acid burns!
You hit the jelly but do no damage.
The jelly is poisoned.
Your front legs burn!
The jelly is moderately wounded.
The jelly barely misses you.
You hit the jelly but do no damage.
The jelly looks even sicker.
Your front legs burn!
The jelly is moderately wounded.
You hit the jelly. The acid corrodes you!
Your front legs burn!
The jelly is moderately wounded.
The jelly completely misses you.
You hit the jelly but do no damage.
Your front legs burn!
You die...

### # ##### ..#.#
.....
##.#.#####$$$##
.........$_$..
######.#...##.$$$..
#<.................
######.#.##.J...5..
#.#..#s#
#....#.######
###...........
..................
#######.##.#######
......# #.#.####
#.#.. # ###


You could see a jelly and a crimson imp.

Action                   |  1- 3 |  4- 6 || total
-------------------------+-------+-------++-------
Melee: Unarmed           |    74 |   140 ||   214
       Punch             |     1 |     1 ||     2
 Cast: Spider Form       |     1 |    14 ||    15
 Abil: Spit Poison       |    47 |    10 ||    57
  Use: Scroll            |       |     4 ||     4
  Eat: Chunk             |     5 |    10 ||    15
Armor: Robe              |    11 |    17 ||    28
       Skin              |       |     1 ||     1
Dodge: Dodged            |    57 |    88 ||   145

Notes
Turn   | Place    | Note
--------------------------------------------------------------
     0 | D:1      | Duffy the Naga Transmuter began the quest for the Orb.
     0 | D:1      | Reached XP level 1. HP: 18/18 MP: 3/3
   550 | D:1      | Reached XP level 2. HP: 16/25 MP: 5/5
   767 | D:1      | Learned a level 2 spell: Sticks to Snakes
   916 | D:1      | Reached skill level 4 in Unarmed Combat
  1179 | D:1      | Reached XP level 3. HP: 31/31 MP: 6/6
  1184 | D:1      | Learned a level 3 spell: Spider Form
  1969 | D:2      | Reached skill level 1 in Poison Magic
  2093 | D:2      | Found an oddly glowing altar of Pakellas.
  2306 | D:2      | Reached XP level 4. HP: 37/38 MP: 0/7
  2460 | D:2      | Reached skill level 2 in Poison Magic
  3334 | D:3      | Reached skill level 2 in Dodging
  3338 | D:3      | Reached XP level 5. HP: 37/44 MP: 1/8
  3423 | D:3      | Reached skill level 5 in Unarmed Combat
  3475 | D:3      | Found a burning altar of Makhleb.
  3518 | D:3      | Became a worshipper of Makhleb the Destroyer
  3602 | D:3      | You fall through a shaft!
  3602 | D:4      | Noticed an ogre
  3611 | D:4      | Killed an ogre
  3611 | D:4      | Reached XP level 6. HP: 51/51 MP: 5/9
  3612 | D:4      | Found Hunt's Elemental Accessories.
  3924 | D:3      | Found a shattered altar of Ashenzari.
  4234 | D:3      | Reached skill level 3 in Dodging
  4350 | D:4      | Found a radiant altar of Vehumet.
  4441 | D:4      | Reached * piety under Makhleb
  4445 | D:4      | Reached skill level 6 in Unarmed Combat
  4715 | D:5      | Entered Level 5 of the Dungeon
  4727 | D:5      | Found an opulent altar of Gozag.
  4736 | D:5      | Splashed by a jelly's acid

Skill      XL: |  1  2  3  4  5  6 |
---------------+-------------------+-----
Unarmed Combat | 4 5 6 |  6.0
Poison Magic   | 1 2 |  2.0
Dodging        | 2 3 |  3.5
Fighting       | |  1.0
Spellcasting   | |  2.0
Transmutations | |  2.0

Vault maps used:
D:1:      roderic_chinese_lattice_arrival, supply_closet_lemuel
D:2:      lemuel_crystal_altar
D:3:      evilmike_ruin_ashenzari, makhleb_heckhound_becter, grunt_ministairs_1
D:4:      fiery_altar_vehumet, nicolae_elemental_shop
D:5:      first_bread, nicolae_gozag_seed_capital

Vanquished Creatures
  2 ogres
  2 hounds
  A worker ant
  5 adders
  2 oozes
  4 worms
  4 dart slugs
  4 giant geckos
  3 orcs
  2 giant cockroaches
  7 goblins
  6 hobgoblins
  7 jackals
  14 kobolds
  3 quokkas
  3 ball pythons
  6 bats
  4 giant newts
  6 rats
85 creatures vanquished.
